 Dungeon Crawl Stone Soup version 0.29-a0-338-g1ff7896281 (webtiles) character file.

Game seed: 6809705625780009712

1 Glokmah the Charlatan (level 1, 0/15 HPs)
             Began as a Human Artificer on Apr 18, 2022.
             Slain by a quokka (2 damage)
             ... on level 1 of the Dungeon.
             The game lasted 00:00:29 (124 turns).

Glokmah the Charlatan (Human Artificer)              Turns: 124, Time: 00:00:30

Health: 0/15       AC:  3    Str: 12    XL:     1   Next: 22%
Magic:  1/1        EV: 11    Int: 11    God:
Gold:   12         SH:  0    Dex: 13    Spells: 0/0 levels left

rFire   . . .      SeeInvis .   a - +0 club
rCold   . . .      Faith    .   (no shield)
rNeg    . . .      Spirit   .   b - +0 leather armour
rPois   .          Reflect  .   (no helmet)
rElec   .          Harm     .   (no cloak)
rCorr   .          Rampage  .   (no gloves)
Will    .....                   (no boots)
Stlth   +.........              (no amulet)
HPRegen 0.05/turn               (no ring)
MPRegen 0.07/turn               (no ring)

@: no status effects
A: no striking features
a: no special abilities


You were on level 1 of the Dungeon.
You visited 1 branch of the dungeon, and saw 1 of its levels.

You collected 12 gold pieces.

Inventory:

Hand Weapons
 a - a +0 club (weapon)
Armour
 b - a +0 leather armour (worn)
Wands
 c - a wand of flame (15) (quivered)
 d - a wand of charming (15)
 e - a wand of iceblast (9)
Scrolls
 f - 2 scrolls of teleportation {unknown}


   Skills:
 * Level 1.0 Fighting
 - Level 2.0 Armour
 - Level 1.0 Dodging
 - Level 1.0 Stealth
 * Level 3.0 Evocations


You couldn't memorise any spells.
You didn't know any spells.
Your spell library was empty.

Dungeon Overview and Level Annotations

Branches:
Dungeon (1/15)

Altars:


Message History

No target in view!
You closely miss the bat. The bat barely misses you.
The bat closely misses you. The bat barely misses you. x2
You closely miss the bat. The bat hits you but does no damage.
Found a robe.
The bat hits you.
You miss the bat. The bat barely misses you.
The bat hits you but does no damage.
You completely miss the bat. The bat closely misses you.
The bat closely misses you. The bat hits you but does no damage.
The bat closely misses you.
You barely miss the bat. The bat hits you.
You hit the bat but do no damage. The bat closely misses you.
The bat hits you but does no damage.
You hit the bat.
The bat is heavily wounded.
The bat hits you.
You miss the bat.
The bat is heavily wounded.
The bat misses you. The bat closely misses you.
You hit the bat.
You kill the bat!
No target in view!
No target in view!
HP restored.
A quokka comes into view.
Found 12 gold pieces.
The quokka bites you. The quokka barely misses you.
You closely miss the quokka. The quokka bites you.
You barely miss the quokka. Your punch misses the quokka.
The quokka bites you. x2
* * * LOW HITPOINT WARNING * * *
You closely miss the quokka. The quokka closely misses you.
You miss the quokka. The quokka misses you. The quokka barely misses you.
The quokka closely misses you. The quokka attacks as you move away!
The quokka barely misses you. The quokka barely misses you.
The quokka attacks as you move away! The quokka closely misses you.
The quokka closely misses you. The quokka bites you.
You die...

#####
#.##....#########.#
#.##....@r........#
#.##..#####.#####.
##.....#...#.#...# ..#
#.#...#.'.<.# # #^#
#.#...#.#...# #
#..###.###.##'##.#####.#
#......................#
###.##.###.#####.##'##.#
#.# #.#...#.#...#


You could see a quokka.

Vanquished Creatures
  A bat (D:1)
1 creature vanquished.

Notes
Turn   | Place    | Note
-------+----------+-------------------------------------------
     0 | D:1      | Glokmah the Human Artificer began the quest for the Orb.
     0 | D:1      | Reached XP level 1. HP: 15/15 MP: 1/1
   124 | D:1      | Slain by a quokka

Illustrated notes

Levels and vault maps discovered:
D:1:      minmay_arrival_four_houses, layout_loops_ring,
          shapermc_ecumenical_altar_ellora

Action                   || total
-------------------------++-------
Melee: Club              ||    13
Armor: Leather armour    ||     4
Dodge: Dodged            ||    20

Table legend: (Time is in decaauts)
 A = Elapsed time spent in this place.
 B = Non-inter-level travel time spent in this place.
 C = Inter-level travel time spent in this place.
 D = Time resting spent in this place.
 E = Time spent auto-exploring this place.
 F = Levels seen in this place.
 G = Mean time per level.
                   A        B        C        D        E       F      G
               +--------+--------+--------+--------+--------+-----+--------+
         Total |    127 |    127 |      0 |      0 |     45 |   1 |  127.0 |
       Dungeon |    127 |    127 |      0 |      0 |     45 |   1 |  127.0 |
               +--------+--------+--------+--------+--------+-----+--------+

Top non-repeatable levels by time:
     D:1: 127 daAuts
